 Dungeon Crawl Stone Soup version 0.29.0-4-gdea44cf6ec (webtiles) character file.

Game seed: 11696964035028567362

79 qw the Chopper (level 4, -1/28 HPs)
             Began as a Gargoyle Fighter on Sept 7, 2022.
             Slain by a gnoll
             ... wielding a +0 club
              (5 damage)
             ... on level 2 of the Dungeon.
             The game lasted 00:00:45 (1459 turns).

qw the Chopper (Gargoyle Fighter)                   Turns: 1459, Time: 00:00:46

Health: -1/28      AC: 10    Str: 22    XL:     4   Next: 37%
Magic:  4/4        EV:  9    Int:  8    God:
Gold:   107        SH:  4    Dex:  9    Spells: 3/3 levels left

rFire   . . .      SeeInvis .   Y - +1 war axe
rCold   . . .      Faith    .   c - +0 buckler
rNeg    + . .      Spirit   .   b - +0 scale mail
rPois   inf        Reflect  .   (no helmet)
rElec   +          Harm     .   (no cloak)
rCorr   .          Rampage  .   (no gloves)
Will    .....                   (no boots)
Stlth   ..........              (no amulet)
HPRegen 0.09/turn               (no ring)
MPRegen 0.09/turn               (no ring)

@: about to teleport
A: sickness immunity, AC +3, negative energy resistance 1, electricity
resistance, torment resistance 1, petrification resistance
a: no special abilities


You were on level 2 of the Dungeon.
You visited 1 branch of the dungeon, and saw 2 of its levels.

You collected 107 gold pieces.


Innate Abilities, Weirdness & Mutations

You are immune to sickness and miasma.
Your stone body is resilient. (AC +3)
You are immune to poison.
You resist negative energy. (rN+)
You are resistant to electric shocks. (rElec)
You are resistant to unholy torment.
You are immune to petrification.


   Skills:
 - Level 3.2 Fighting
 + Level 4.1 Axes
 - Level 3.2 Armour
 - Level 3.2 Shields


You had 3 spell levels left.
You didn't know any spells.
Your spell library was empty.

Inventory:

Hand Weapons
 h - a +0 whip
 Y - a +1 war axe (weapon)
Armour
 b - a +0 scale mail (worn)
 c - a +0 buckler (worn)
Potions
 a - a potion of invisibility {unknown}
 d - 2 potions of might
 e - a potion of attraction {unknown}
 f - a potion of cancellation {unknown}
 i - a potion of lignification {unknown}
 j - a potion of curing {unknown}
 k - a potion of magic {unknown}

Dungeon Overview and Level Annotations

Branches:
Dungeon (2/15)

Altars:

Shops:
D:2 [


Message History

A giant cockroach comes into view.
The gnoll moves out of view.
A gnoll comes into view. It is wielding a +0 club.
You hit the gnoll.
The gnoll is lightly wounded.
The gnoll hits you with a +0 flail.
A gnoll comes into view. It is wielding a +0 spear.
The gnoll hits you but does no damage.
1451 ||| Stepping ~*~*~tactically~*~*~ (stealth).
You see here a frilled lizard corpse.
You slash the gnoll!
The gnoll is almost dead.
The gnoll hits you with a +0 flail.
You slash the gnoll!
You kill the gnoll!
You slash the rat!
You kill the rat!
Your Axes skill increases to level 4!
You slash the gnoll!
The gnoll is heavily wounded.
The gnoll hits you with a +1 vorpal flail.
You barely miss the gnoll.
The gnoll is heavily wounded.
The gnoll hits you with a +1 vorpal flail!
1457 ||| READING scroll of teleportation.
As you read the scroll of teleportation, it crumbles to dust.
You feel strangely unstable.
The gnoll hits you with a +1 vorpal flail.
The gnoll barely misses you.
You slash the gnoll!
You kill the gnoll!
You hit the gnoll. You block the gnoll's attack.
The gnoll hits you with a +0 club.
The giant cockroach bites you but does no damage.
You slash the gnoll!
The gnoll is severely wounded.
You hit the giant cockroach.
You kill the giant cockroach!
The gnoll hits you with a +0 club.
You die...

##. .g. ##### .8
....#### g.
###..... #.
#....... #.
#.......
.#####.###
#.......
.......).#
#.......
#####..g@##
#....... ####..#
#.......
##.########.......
#.......##.......
#######...##.....
###.....#.\
####.#...##.
###....##.)...
#..)........##


You could see a gnoll.

Vanquished Creatures
  2 gnolls (D:2)
  An adder (D:2)
  2 dart slugs
  An orc (D:2)
  2 bats (D:2)
  7 endoplasms
  2 giant cockroaches
  5 hobgoblins
  2 jackals (D:1)
  3 quokkas
  3 ball pythons (D:1)
  3 frilled lizards
  5 goblins
  A kobold (D:2)
  6 rats
45 creatures vanquished.

Notes
Turn   | Place    | Note
-------+----------+-------------------------------------------
     0 | D:1      | qw the Gargoyle Fighter began the quest for the Orb.
     0 | D:1      | Reached XP level 1. HP: 14/14 MP: 1/1
     0 | D:1      | 0 ||| qw: Version: 0.1-a-108-g9e35731
     0 | D:1      | 0 ||| qw: Game counter: 6450
     0 | D:1      | 0 ||| qw: Always use a shield: true
     0 | D:1      | 0 ||| qw: God list: Okawaru
     0 | D:1      | 0 ||| qw: Allow faded altars: false
     0 | D:1      | 0 ||| qw: Do Orc after D:15 true
     0 | D:1      | 0 ||| qw: Do second Lair branch before Depths: true
     0 | D:1      | 0 ||| qw: Lair rune preference: random
     0 | D:1      | 0 ||| qw: Plans: Normal, Zot, God:TSO, Crypt, Tomb, Zig,
                  | Orb
     0 | D:1      | 0 ||| PLANNING D:1-11
    63 | D:1      | Reached skill level 2 in Axes
   115 | D:1      | 115 ||| Stepping ~*~*~tactically~*~*~ (stealth).
   211 | D:1      | Reached XP level 2. HP: 11/19 MP: 2/2
   331 | D:1      | You fall into a shaft and drop 1 floor!
   335 | D:2      | 335 ||| Stepping ~*~*~tactically~*~*~ (stealth).
   336 | D:2      | 336 ||| Stepping ~*~*~tactically~*~*~ (stealth).
   340 | D:2      | 340 ||| Stepping ~*~*~tactically~*~*~ (stealth).
   347 | D:2      | 347 ||| Stepping ~*~*~tactically~*~*~ (stealth).
   363 | D:2      | 363 ||| DROPPING +0 club.
   372 | D:2      | 372 ||| Stepping ~*~*~tactically~*~*~ (stealth).
   377 | D:2      | 377 ||| Stepping ~*~*~tactically~*~*~ (stealth).
   378 | D:2      | 378 ||| Stepping ~*~*~tactically~*~*~ (stealth).
   419 | D:2      | 419 ||| DROPPING ring of flight.
   420 | D:2      | 420 ||| READING scroll labelled YGEECA NYLO.
   421 | D:2      | 421 ||| READING scroll labelled VANUFRI FIWKAORY.
   553 | D:1      | Reached skill level 3 in Axes
   578 | D:1      | Found a faded altar of an unknown god.
   607 | D:1      | Reached XP level 3. HP: 23/23 MP: 3/3
   621 | D:1      | 621 ||| Stepping ~*~*~tactically~*~*~ (stealth).
   627 | D:1      | 627 ||| Stepping ~*~*~tactically~*~*~ (stealth).
   630 | D:1      | 630 ||| Stepping ~*~*~tactically~*~*~ (stealth).
   637 | D:1      | 637 ||| Stepping ~*~*~tactically~*~*~ (stealth).
   638 | D:1      | 638 ||| Stepping ~*~*~tactically~*~*~ (stealth).
   639 | D:1      | 639 ||| Stepping ~*~*~tactically~*~*~ (stealth).
   640 | D:1      | 640 ||| Stepping ~*~*~tactically~*~*~ (stealth).
   757 | D:1      | 757 ||| Stepping ~*~*~tactically~*~*~ (stealth).
   760 | D:1      | 760 ||| Stepping ~*~*~tactically~*~*~ (stealth).
  1118 | D:1      | 1118 ||| READING scroll labelled SAXKOIKKANT.
  1140 | D:2      | 1140 ||| STAIRDANCE
  1246 | D:2      | 1246 ||| Stepping ~*~*~tactically~*~*~ (stealth).
  1249 | D:2      | 1249 ||| Stepping ~*~*~tactically~*~*~ (stealth).
  1342 | D:2      | Found Voxum's Antique Armour Shoppe.
  1353 | D:2      | 1353 ||| SHOPLISTING brightly glowing ring mail (216 gold,
                  | have 90).
  1353 | D:2      | 1353 ||| SHOPLISTING scorched ring mail (216 gold, have
                  | 90).
  1385 | D:2      | Reached XP level 4. HP: 25/28 MP: 4/4
  1447 | D:2      | 1447 ||| Stepping ~*~*~tactically~*~*~ (stealth).
  1451 | D:2      | 1451 ||| Stepping ~*~*~tactically~*~*~ (stealth).
  1455 | D:2      | Reached skill level 4 in Axes
  1456 | D:2      | HP: 7/28 [gnoll/+1 vorpal flail (2)]
  1457 | D:2      | 1457 ||| READING scroll of teleportation.
  1459 | D:2      | Slain by a gnoll

Levels and vault maps discovered:
D:1:      minmay_arrival_loop, layout_loops_ring,
          chequers_ecumenical_altar_simple, minmay_crystal_room,
          hangedman_decor_riveting
D:2:      layout_rooms, serial_shops, shop, grunt_ministairs_15,
          roderic_serpentine_path

Skill      XL: |  1  2  3  4 |
---------------+-------------+-----
Axes           | 2 3 4 |  4.1
Fighting       | |  3.2
Armour         | |  3.2
Shields        | |  3.2

Action                   |  1- 3 |  4- 6 || total
-------------------------+-------+-------++-------
Melee: War axe           |    89 |    12 ||   101
  Use: Scroll            |     3 |     1 ||     4
Armor: Scale mail        |    35 |     2 ||    37
Dodge: Dodged            |    29 |     4 ||    33
Block: Buckler           |    14 |     1 ||    15

Table legend:
 A = Non-vault XP
 B = Vault XP
 C = Vault XP percentage of total XP
 D = Non-vault monster count
 E = Vault monster count
 F = Vault count percentage of total count
                 A         B        C        D         E       F
            +---------+---------+-------+---------+---------+-------
      Total |      86 |      29 |  25.2 |      42 |       3 |   6.7
            +---------+---------+-------+---------+---------+-------
        D:1 |      42 |       0 |   0.0 |      24 |       0 |   0.0
        D:2 |      44 |      29 |  39.7 |      18 |       3 |  14.3
            +---------+---------+-------+---------+---------+-------
